 Dungeon Crawl Stone Soup version 0.29-a0-207-gf982a884d8 (webtiles) character file.

Game seed: 15529332432606717670

96 bande the Covered (level 4, -10/29 HPs)
             Began as a Gargoyle Fighter on Feb 23, 2022.
             Was an Initiate of Okawaru.
             Killed from afar by Ijyb (39 damage)
             ... with a bolt of acid
             ... on level 4 of the Dungeon.
             The game lasted 00:03:53 (2751 turns).

bande the Covered (Gargoyle Fighter)                Turns: 2751, Time: 00:03:54

Health: -10/29     AC: 19    Str: 20    XL:     4   Next: 67%
Magic:  4/4        EV:  9    Int:  8    God:    Okawaru [......]
Gold:   187        SH:  4    Dex: 11    Spells: 3/3 levels left

rFire   . . .      SeeInvis .   m - +2 hand axe (flame)
rCold   . . .      Faith    .   c - +0 buckler
rNeg    + . .      Spirit   .   i - +0 plate armour
rPois   ∞          Reflect  .   (no helmet)
rElec   +          Harm     .   (no cloak)
rCorr   .          Rampage  .   (no gloves)
Will    .....                   (no boots)
Stlth   ..........              (no amulet)
HPRegen 0.09/turn               j - +4 ring of evasion
MPRegen 0.09/turn               e - +4 ring of protection

@: no status effects
A: sickness immunity, AC +3, negative energy resistance 1, electricity
resistance, torment resistance 1, petrification resistance
a: Renounce Religion


You were on level 4 of the Dungeon.
You worshipped Okawaru.
Okawaru was noncommittal.
You visited 1 branch of the dungeon, and saw 4 of its levels.

You collected 187 gold pieces.

Inventory:

Hand Weapons
 a - a +0 war axe of freezing
 m - a +2 hand axe of flaming (weapon)
Armour
 c - a +0 buckler (worn)
 i - a +0 plate armour (worn)
Jewellery
 e - a +4 ring of protection (right hand)
 j - a +4 ring of evasion (left hand)
 o - a +6 ring of intelligence
Scrolls
 f - 2 scrolls of amnesia
Potions
 b - 2 potions of invisibility
 d - a potion of might
 g - a potion of magic {unknown}
 h - a potion of haste {unknown}
 k - 2 potions of cancellation {unknown}
 l - 2 potions of curing {unknown}
 n - 3 potions of brilliance {unknown}


   Skills:
 + Level 3.8 Fighting
 + Level 3.0 Axes
 + Level 3.8 Armour
 + Level 3.8 Shields
 * Level 0.9 Invocations


You had 3 spell levels left.
You didn't know any spells.
Your spell library contained the following spells:

 Spells                   Type           Power      Damage    Failure   Level
 Pain                     Necr           0%         1d4       100%        1
 Agony                    Necr           0%         N/A       100%        5
 Excruciating Wounds      Necr           0%         N/A       100%        5


Dungeon Overview and Level Annotations

Branches:
Dungeon (4/15)
 Temple: D:4-7

Altars:
Okawaru

Annotations:
D:4 Ijyb


Innate Abilities, Weirdness & Mutations

You are immune to sickness and miasma.
Your stone body is resilient. (AC +3)
You are immune to poison.
You resist negative energy. (rN+)
You are resistant to electric shocks. (rElec)
You are resistant to unholy torment.
You are immune to petrification.


Message History

The orc is severely wounded.
The orc hits you with a +0 hand axe.
You hit the orc but do no damage.
The orc is severely wounded.
The orc hits you but does no damage.
You closely miss the orc.
The orc is severely wounded.
The orc barely misses you.
You barely miss the orc.
The orc is severely wounded.
The orc hits you but does no damage. x2
You hit the orc. You burn the orc.
You kill the orc!
Okawaru accepts your kill.
Items here: ))) [[[ †.
Okay, then.
You start resting.
HP restored.
You start waiting.
Done waiting.
You enter the shallow water.
Moving in this stuff is going to be slow.
You enter the shallow water.
Moving in this stuff is going to be slow.
You see here a staff of poison.
There is a stone staircase leading down here.
You see here a +0 leather armour.
Key pressed, stopping explore.
You see here a staff of poison.
Found a stone staircase leading up.
Done exploring.
Done exploring.
There is a stone staircase leading down here.
You climb downwards.
There is a stone staircase leading up here.
Ijyb the Twisted Goblin comes into view.
She is wielding a +0 dagger and carrying a wand of acid (8).
Ijyb shouts!
Ijyb zaps a wand.
The bolt of acid hits you!!!
Ouch! That really hurt!
You die...

...# ...#
...# ...#
...# #..# ..
##g.# ..#
##@.# ...#
##..## ....#
##..##
#...###..##
#......##
##.....#
#....##
#.....###
#.......####


You could see Ijyb.

Vanquished Creatures
  An orc wizard (D:3)
  2 worms (D:2)
  2 dart slugs
  2 orcs (D:3)
  5 endoplasms
  2 giant cockroaches (D:1)
  7 goblins
  6 hobgoblins
  2 jackals (D:2)
  4 kobolds
  A quokka (D:2)
  4 ball pythons
  5 bats
  3 frilled lizards
  9 rats
55 creatures vanquished.

Vanquished Creatures (others)
  9 plants (D:3)
9 creatures vanquished.

Grand Total: 64 creatures vanquished

Notes
Turn   | Place    | Note
-------+----------+-------------------------------------------
     0 | D:1      | bande the Gargoyle Fighter began the quest for the Orb.
     0 | D:1      | Reached XP level 1. HP: 14/14 MP: 1/1
     3 | D:1      | Noticed an electric eel
     4 | D:1      | Noticed an electric eel
   191 | D:1      | Found a faded altar of an unknown god.
   194 | D:1      | Reached XP level 2. HP: 19/19 MP: 2/2
   810 | D:2      | Reached XP level 3. HP: 23/23 MP: 3/3
  1854 | D:3      | Found an iron altar of Okawaru.
  1862 | D:3      | Became a worshipper of Warmaster Okawaru
  1864 | D:3      | Reached XP level 4. HP: 29/29 MP: 4/4
  2748 | D:4      | Noticed Ijyb
  2751 | D:4      | Killed from afar by Ijyb

Illustrated notes

Levels and vault maps discovered:
D:1:      arrival_aquarium_b, layout_loops_cross,
          hellmonk_ecumenical_altar_leap_of_faith
D:2:      layout_basic, minmay_misc_feat_enclosed
D:3:      layout_basic, okawaru_gym_becter, serial_bayou_lagoon_a
D:4:      layout_layer_cave, uniq_ijyb

Skill      XL: |  1  2  3  4 |
---------------+-------------+-----
Axes           | 2 3 |  3.0
Fighting       | |  3.8
Armour         | |  3.8
Shields        | |  3.8
Invocations    | |  0.9

Action                   |  1- 3 |  4- 6 || total
-------------------------+-------+-------++-------
Melee: War axe           |   112 |    12 ||   124
       Hand axe          |       |    42 ||    42
  Use: Scroll            |     7 |     1 ||     8
Armor: Scale mail        |     4 |       ||     4
       Plate armour      |    70 |    38 ||   108
Dodge: Dodged            |    45 |     6 ||    51
Block: Buckler           |    21 |     7 ||    28

Table legend: (Time is in decaauts)
 A = Elapsed time spent in this place.
 B = Non-inter-level travel time spent in this place.
 C = Inter-level travel time spent in this place.
 D = Time resting spent in this place.
 E = Time spent auto-exploring this place.
 F = Levels seen in this place.
 G = Mean time per level.
                   A        B        C        D        E       F      G
               +--------+--------+--------+--------+--------+-----+--------+
         Total |   2819 |   2778 |     41 |    192 |   2065 |   4 |  704.8 |
       Dungeon |   2819 |   2778 |     41 |    192 |   2065 |   4 |  704.8 |
               +--------+--------+--------+--------+--------+-----+--------+

Top non-repeatable levels by time:
     D:3: 1096 daAuts
     D:2: 874 daAuts
     D:1: 812 daAuts
     D:4: 35 daAuts
